[Event "10th Uppsala Young Champions 2023"]
[Site "Uppsala"]
[Date "2023.10.27"]
[Round "1.1"]
[White "Gavrilescu, David"]
[Black "Briem, Stephan"]
[Result "1/2-1/2"]
[ECO "C02"]
[WhiteElo "2534"]
[BlackElo "2144"]
[Annotator "ChessBase"]
[PlyCount "172"]
[EventDate "2023.10.27"]
[EventType "swiss"]
[EventCountry "SWE"]
[SourceTitle "playchess.com"]
[Source "ChessBase"]
[SourceQuality "1"]
[TimeControl "5400+30"]

1. e4 e6 2. d4 d5 3. e5 c5 4. c3 Qb6 5. Nf3 Bd7 6. Be2 cxd4 7. cxd4 Bb5 8. Nc3 Bxe2 9. Nxe2 Bb4+ 10. Kf1 Nc6 11. h4 h5 12. Rh3 Be7 13. Ng5 Nh6 14. Rb3 Qa6 15. g3 Nf5 16. Kg2 g6 17. Rd3 Kf8 18. a3 Kg7 19. b4 b5 20. Bd2 Qb7 21. Rb1 a6 22. Nf3 Na7 23. Nc1 Nc8 24. Nb3 Nb6 25. Nc5 Qc6 26. Bg5 Bxg5 27. Nxg5 Nc4 28. Qf3 a5 29. a4 Rhb8 30. bxa5 bxa4 31. Rc1 Qe8 32. a6 Ra7 33. Ra1 Rb4 34. Qf4 Qe7 35. Rf3 a3 36. Qc1 Rb6 37. Raxa3 Nxa3 38. Qxa3 Qe8 39. Qa1 Qc6 40. Rc3 Qb5 41. Qd1 Rbxa6 42. Nxa6 Qxa6 43. Nf3 Qb6 44. Qc1 Qd8 45. Rc8 Qe7 46. Qc6 Rd7 47. Qa8 Nh6 48. Ng5 Ra7 49. Qc6 Qd7 50. Qc5 Qe7 51. Qb6 Rb7 52. Qa6 Ra7 53. Qd6 Rb7 54. Qa6 Ra7 55. Qb5 Rb7 56. Qa4 Qd7 57. Qc2 Ng4 58. Rc3 Qb5 59. Rc7 Ne3+ 60. fxe3 Rxc7 61. Nxe6+ fxe6 62. Qxc7+ Kh6 63. Qf7 Qe2+ 64. Qf2 Qd1 65. Qf8+ Kh7 66. Qf7+ Kh6 67. Qf3 Qd2+ 68. Kh3 Qe1 69. g4 hxg4+ 70. Kxg4 Qg1+ 71. Kh3 Kg7 72. Qf6+ Kh7 73. Qxe6 Qxe3+ 74. Kg4 Qg1+ 75. Kf4 Qc1+ 76. Kf3 Qf1+ 77. Ke3 Qc1+ 78. Ke2 Qc2+ 79. Kf3 Qe4+ 80. Kg3 Qe3+ 81. Kg4 Qg1+ 82. Kf3 Qd1+ 83. Ke3 Qc1+ 84. Kf2 Qd2+ 85. Kg3 Qe3+ 86. Kg4 Qg1+ 1/2-1/2

[Event "10th Uppsala Young Champions 2023"]
[Site "Uppsala"]
[Date "2023.10.27"]
[Round "1.2"]
[White "Grahn, Vidar"]
[Black "Stefansson, Vignir Vatnar"]
[Result "1/2-1/2"]
[ECO "A62"]
[WhiteElo "2133"]
[BlackElo "2484"]
[Annotator "ChessBase"]
[PlyCount "64"]
[EventDate "2023.10.27"]
[EventType "swiss"]
[EventCountry "SWE"]
[SourceTitle "playchess.com"]
[Source "ChessBase"]
[SourceQuality "1"]
[TimeControl "5400+30"]

1. d4 Nf6 2. c4 e6 3. g3 c5 4. d5 exd5 5. cxd5 d6 6. Nc3 g6 7. Bg2 Bg7 8. Nf3 O-O 9. O-O Re8 10. Bf4 a6 11. a4 h6 12. Qc1 Kh7 13. a5 Bf5 14. Nd2 g5 15. Be3 Nbd7 16. Nc4 Qc7 17. Bd2 b5 18. axb6 Nxb6 19. Nxb6 Qxb6 20. Re1 Rab8 21. e4 Bg6 22. e5 Rxe5 23. Rxe5 dxe5 24. Na4 Qb5 25. Nxc5 Qxb2 26. Nxa6 Qxc1+ 27. Rxc1 Rd8 28. Ba5 Ra8 29. Rc6 Bd3 30. Nc5 Bb5 31. Nb7 Bxc6 32. dxc6 Bf8 1/2-1/2

[Event "10th Uppsala Young Champions 2023"]
[Site "Uppsala"]
[Date "2023.10.27"]
[Round "1.3"]
[White "Sorensen, Hampus"]
[Black "Oksendal, Martin"]
[Result "1/2-1/2"]
[ECO "E04"]
[WhiteElo "2470"]
[BlackElo "2123"]
[Annotator "ChessBase"]
[PlyCount "140"]
[EventDate "2023.10.27"]
[EventType "swiss"]
[EventCountry "SWE"]
[SourceTitle "playchess.com"]
[Source "ChessBase"]
[SourceQuality "1"]
[TimeControl "5400+30"]

1. d4 Nf6 2. c4 e6 3. Nf3 d5 4. g3 dxc4 5. Bg2 Bb4+ 6. Bd2 a5 7. a3 Bxd2+ 8. Qxd2 c6 9. Ne5 b5 10. Nc3 Nd5 11. Ne4 f6 12. Nf3 Qe7 13. Qc2 a4 14. h4 Nd7 15. h5 Bb7 16. Rd1 O-O-O 17. O-O g5 18. Nc3 Qf7 19. h6 Qg6 20. e4 Nc7 21. Qc1 Qxh6 22. d5 e5 23. dxc6 Bxc6 24. Rd6 Nb8 25. Rfd1 Rxd6 26. Rxd6 Rd8 27. Rxd8+ Kxd8 28. Qd2+ Ke8 29. Qd6 Qg7 30. Nd5 Bxd5 31. exd5 Qe7 32. Qb6 Qd8 33. d6 Ne6 34. Qxb5+ Kf7 35. Bh3 Qxd6 36. Qxc4 h5 37. Bxe6+ Qxe6 38. Qxa4 Qd5 39. Qa7+ Nd7 40. Qe3 Nc5 41. Nd2 Ne6 42. b4 Nd4 43. Qe4 Qa2 44. Qh7+ Kf8 45. Ne4 Qxa3 46. Qh8+ Ke7 47. Qxf6+ Kd7 48. Qd6+ Kc8 49. Qc5+ Kd7 50. Qd5+ Kc8 51. Qc5+ Kd7 52. Nxg5 Qa1+ 53. Kh2 Qa2 54. Ne4 Qe2 55. Qd5+ Kc8 56. Qg8+ Kc7 57. Qf7+ Kb8 58. Qe8+ Ka7 59. Qd7+ Ka8 60. Qd8+ Ka7 61. Qa5+ Kb7 62. Nc5+ Kc6 63. Qa8+ Kb5 64. Qb7+ Kc4 65. Kg2 h4 66. Qa6+ Kxb4 67. Qxe2 Nxe2 68. Nd3+ Kc3 69. Nxe5 hxg3 70. fxg3 Nxg3 1/2-1/2

[Event "10th Uppsala Young Champions 2023"]
[Site "Uppsala"]
[Date "2023.10.27"]
[Round "1.4"]
[White "Mai, Alexander Oliver"]
[Black "Domalchuk-Jonasson, Aleksandr"]
[Result "0-1"]
[ECO "C47"]
[WhiteElo "2118"]
[BlackElo "2392"]
[Annotator "ChessBase"]
[PlyCount "114"]
[EventDate "2023.10.27"]
[EventType "swiss"]
[EventCountry "SWE"]
[SourceTitle "playchess.com"]
[Source "ChessBase"]
[SourceQuality "1"]
[TimeControl "5400+30"]

1. e4 e5 2. Nf3 Nc6 3. Nc3 Nf6 4. d4 exd4 5. Nxd4 Bc5 6. Be3 Bb6 7. f3 O-O 8. Qd2 d5 9. O-O-O dxe4 10. Nxc6 Qxd2+ 11. Kxd2 bxc6 12. Nxe4 Rd8+ 13. Bd3 Nd5 14. Bf2 Nf4 15. g3 Nxd3 16. cxd3 Be6 17. a3 f5 18. Bxb6 fxe4 19. Be3 Rxd3+ 20. Ke2 Rb3 21. Rd2 exf3+ 22. Kf2 Bd5 23. Re1 Kf7 24. Bc5 Kf6 25. Bd4+ Kf7 26. Bc5 Be6 27. Be3 Rab8 28. Bxa7 Rxb2 29. Bxb8 Rxd2+ 30. Kxf3 Rxh2 31. Bxc7 Bd5+ 32. Ke3 Ra2 33. Bd6 Ke6 34. Bc5 Kf5 35. Re2 Ra1 36. Rh2 Bg8 37. Rh4 g5 38. Rh6 Kg4 39. Bd6 c5 40. Bxc5 Kxg3 41. Bd6+ Kg4 42. Bb4 Rf1 43. Ke4 Bf7 44. Rh2 Bg6+ 45. Ke3 Rf3+ 46. Kd4 h5 47. Rg2+ Kf5 48. a4 Rf4+ 49. Kc5 h4 50. a5 h3 51. Rh2 Kg4 52. a6 Kg3 53. a7 Be4 54. Re2 h2 55. Be1+ Kh3 56. Re3+ Kg4 57. Rxe4 h1=Q 0-1

[Event "10th Uppsala Young Champions 2023"]
[Site "Uppsala"]
[Date "2023.10.27"]
[Round "1.5"]
[White "Falkevall, Axel"]
[Black "Muntean, Victor"]
[Result "1-0"]
[ECO "C70"]
[WhiteElo "2280"]
[BlackElo "2092"]
[Annotator "ChessBase"]
[PlyCount "75"]
[EventDate "2023.10.27"]
[EventType "swiss"]
[EventCountry "SWE"]
[SourceTitle "playchess.com"]
[Source "ChessBase"]
[SourceQuality "1"]
[TimeControl "5400+30"]

1. e4 e5 2. Nf3 Nc6 3. Bb5 a6 4. Ba4 f5 5. d3 fxe4 6. dxe4 Nf6 7. O-O d6 8. Re1 Be7 9. c3 O-O 10. Bb3+ Kh8 11. Ng5 Qe8 12. Ne6 Bxe6 13. Bxe6 Nd8 14. Bh3 Qf7 15. f3 Nh5 16. g3 Ne6 17. Rf1 Ng5 18. Bg4 g6 19. Be3 Ng7 20. h4 h5 21. hxg5 hxg4 22. f4 Qe6 23. Nd2 Nh5 24. Kg2 Rf7 25. Rh1 exf4 26. gxf4 c5 27. Qe2 Kg7 28. Rxh5 gxh5 29. f5 Qe5 30. Rf1 Bxg5 31. Bxg5 Re8 32. Qd3 Rd7 33. Bf4 Qe7 34. Qg3 Qf7 35. Qh4 Qf6 36. Qxh5 Rh8 37. Qg5+ Kf7 38. Nc4 1-0

[Event "10th Uppsala Young Champions 2023"]
[Site "Uppsala"]
[Date "2023.10.27"]
[Round "1.6"]
[White "Harish, Neeraj"]
[Black "Ljung, Harald"]
[Result "0-1"]
[ECO "B38"]
[WhiteElo "2076"]
[BlackElo "2159"]
[Annotator "ChessBase"]
[PlyCount "68"]
[EventDate "2023.10.27"]
[EventType "swiss"]
[EventCountry "SWE"]
[SourceTitle "playchess.com"]
[Source "ChessBase"]
[SourceQuality "1"]
[TimeControl "5400+30"]

1. e4 c5 2. Nf3 Nc6 3. d4 cxd4 4. Nxd4 g6 5. c4 Bg7 6. Be3 Nf6 7. Nc3 O-O 8. Be2 d6 9. O-O Bd7 10. h3 Nxd4 11. Bxd4 Bc6 12. Qc2 a6 13. Rfd1 Rc8 14. c5 Qa5 15. cxd6 exd6 16. Qd3 Rfe8 17. Bf3 Qg5 18. g3 Re6 19. h4 Qa5 20. Bg2 Rce8 21. f3 Nh5 22. Bf2 Be5 23. Bh3 R6e7 24. Kg2 Nf6 25. Rd2 Bxc3 26. Qxc3 Qxc3 27. bxc3 d5 28. Bd4 Nd7 29. exd5 Bxd5 30. Rad1 Bc6 31. Bf2 Ne5 32. Bc5 Nxf3 33. Bxe7 Nxd2+ 34. Kf2 Ne4+ 0-1

[Event "10th Uppsala Young Champions 2023"]
[Site "Uppsala"]
[Date "2023.10.27"]
[Round "1.7"]
[White "Morell, Ludvig"]
[Black "Nilsson, Oliver"]
[Result "1/2-1/2"]
[ECO "C55"]
[WhiteElo "2017"]
[BlackElo "1933"]
[Annotator "NA"]
[PlyCount "91"]
[EventDate "2023.10.27"]
[EventType "swiss"]
[EventCountry "SWE"]
[SourceTitle "playchess.com"]
[Source "ChessBase"]
[SourceQuality "1"]
[TimeControl "5400+30"]

1. e4 e5 2. Nf3 Nc6 3. Bc4 Nf6 4. d3 h6 5. c3 d6 6. Qe2 g6 7. Nbd2 Bg7 8. Nf1 d5 9. Bb3 O-O 10. Bd2 Be6 11. O-O-O dxe4 12. dxe4 Bxb3 13. axb3 Qe7 14. Ne3 Rfd8 15. Nh4 Qe6 16. Nc4 b5 17. Na3 a6 18. Kc2 Rd4 19. f3 Rb4 20. Kb1 Rxb3 21. Nc2 Qc4 22. Qxc4 bxc4 23. Ne3 Na5 24. Kc2 Rab8 25. Bc1 h5 26. Nd5 Nxd5 27. Rxd5 R3b5 28. Rhd1 Nb3 29. Rd8+ Kh7 30. Rxb8 Rxb8 31. Rd7 Nxc1 32. Kxc1 Bh6+ 33. Kc2 Bg5 34. g3 Rd8 35. Rxf7+ Kg8 36. Rxc7 Rd2+ 37. Kb1 Bxh4 38. gxh4 Rxh2 39. Rxc4 Rxh4 40. Rc8+ Kg7 41. c4 Rf4 42. c5 Rf8 43. Rc7+ Rf7 44. Rc8 Rf8 45. Rc7+ Rf7 46. Rc8 1/2-1/2

[Event "10th Uppsala Young Champions 2023"]
[Site "Uppsala"]
[Date "2023.10.27"]
[Round "1.8"]
[White "Steiners, Emils"]
[Black "Frank, Anton"]
[Result "1/2-1/2"]
[ECO "D87"]
[WhiteElo "1914"]
[BlackElo "1997"]
[Annotator "NA"]
[PlyCount "107"]
[EventDate "2023.10.27"]
[EventType "swiss"]
[EventCountry "SWE"]
[SourceTitle "playchess.com"]
[Source "ChessBase"]
[SourceQuality "1"]
[TimeControl "5400+30"]

1. d4 Nf6 2. c4 g6 3. Nc3 d5 4. cxd5 Nxd5 5. e4 Nxc3 6. bxc3 Bg7 7. Bc4 c5 8. Ne2 Nc6 9. Be3 O-O 10. O-O Bg4 11. f3 Na5 12. Bb3 Bd7 13. Qd2 Bb5 14. Rfd1 cxd4 15. cxd4 Nc4 16. Bxc4 Bxc4 17. Rac1 Rc8 18. d5 a6 19. Nd4 Qd7 20. Nc6 Bb5 21. Na7 Rxc1 22. Rxc1 Ba4 23. Qa5 Be5 24. Nc6 Bxc6 25. dxc6 Qd3 26. Qd2 Qxd2 27. Bxd2 bxc6 28. Rxc6 Rd8 29. Rc2 Rb8 30. Kf2 h5 31. f4 Bd4+ 32. Be3 Rb4 33. Bxd4 Rxd4 34. Ke3 Ra4 35. g3 h4 36. gxh4 Ra3+ 37. Kd4 Rh3 38. Rc6 Rxh4 39. Rxa6 Rxf4 40. a4 Rh4 41. a5 Rxh2 42. Rc6 Ra2 43. a6 g5 44. Kc5 g4 45. Kb6 g3 46. Rc3 g2 47. Rg3+ Kf8 48. a7 Rb2+ 49. Kc7 Ra2 50. Kb6 Rb2+ 51. Kc6 Ra2 52. Kb6 Rb2+ 53. Kc7 Ra2 54. Kb6 1/2-1/2

[Event "10th Uppsala Young Champions 2023"]
[Site "Uppsala"]
[Date "2023.10.27"]
[Round "1.9"]
[White "Valcu, Lavinia"]
[Black "Seiger, Vidar"]
[Result "1/2-1/2"]
[ECO "E73"]
[WhiteElo "1990"]
[BlackElo "1908"]
[Annotator "NA"]
[PlyCount "72"]
[EventDate "2023.10.27"]
[EventType "swiss"]
[EventCountry "SWE"]
[SourceTitle "playchess.com"]
[Source "ChessBase"]
[SourceQuality "1"]
[TimeControl "5400+30"]

1. d4 Nf6 2. c4 g6 3. Nc3 Bg7 4. e4 O-O 5. Be2 d6 6. Be3 Na6 7. h4 c5 8. d5 e6 9. dxe6 Bxe6 10. h5 Qa5 11. Qd2 Nb4 12. Kf1 Nc6 13. hxg6 fxg6 14. Qxd6 Rfe8 15. Qxc5 Qxc5 16. Bxc5 Na5 17. Nf3 Bxc4 18. Nd2 Bxe2+ 19. Kxe2 Rac8 20. Bxa7 Nc4 21. Nxc4 Rxc4 22. f3 Rb4 23. Nd1 b6 24. Rc1 Nh5 25. a3 Ra4 26. Rxh5 gxh5 27. Bxb6 Rb8 28. Bc5 Bxb2 29. Rb1 Be5 30. Rxb8+ Bxb8 31. Bb4 Ra6 32. Ne3 Kf7 33. Nf5 Be5 34. g3 Ke6 35. Kd3 Kd7 36. Kc4 Bb2 1/2-1/2

[Event "10th Uppsala Young Champions 2023"]
[Site "Uppsala"]
[Date "2023.10.27"]
[Round "1.10"]
[White "Ostensson, Julia"]
[Black "Omarsson, Adam"]
[Result "0-1"]
[ECO "B51"]
[WhiteElo "1878"]
[BlackElo "1946"]
[Annotator "NA"]
[PlyCount "66"]
[EventDate "2023.10.27"]
[EventType "swiss"]
[EventCountry "SWE"]
[SourceTitle "playchess.com"]
[Source "ChessBase"]
[SourceQuality "1"]
[TimeControl "5400+30"]

1. e4 c5 2. Nf3 d6 3. Bb5+ Nd7 4. O-O Ngf6 5. Re1 e6 6. c3 Be7 7. d4 O-O 8. Nbd2 a6 9. Bd3 b5 10. Nf1 Bb7 11. Ng3 c4 12. Bc2 a5 13. h4 b4 14. Qe2 Ba6 15. h5 Ne8 16. Rd1 Nc7 17. e5 d5 18. Nh2 bxc3 19. bxc3 Nb5 20. Qe3 Na3 21. Bxa3 Bxa3 22. Ng4 Kh8 23. Rab1 Qh4 24. Qf3 f5 25. exf6 Nxf6 26. Nxf6 Rxf6 27. Qe3 Raf8 28. Rd2 Bd6 29. Re2 Bf4 30. Qf3 Bh6 31. Qxf6 Qxf6 32. Rb6 Bc8 33. Rb8 Bf4 0-1

[Event "10th Uppsala Young Champions 2023"]
[Site "Uppsala"]
[Date "2023.10.27"]
[Round "1.11"]
[White "Morell, Oscar"]
[Black "Tripathi, Pratyush"]
[Result "1/2-1/2"]
[ECO "D12"]
[WhiteElo "1942"]
[BlackElo "1801"]
[Annotator "NA"]
[PlyCount "85"]
[EventDate "2023.10.27"]
[EventType "swiss"]
[EventCountry "SWE"]
[SourceTitle "playchess.com"]
[Source "ChessBase"]
[SourceQuality "1"]
[TimeControl "5400+30"]

1. e3 d5 2. c4 c6 3. d4 Nf6 4. Nf3 Bf5 5. b3 h6 6. Bb2 e6 7. c5 a5 8. a3 Nbd7 9. Bd3 Qc7 10. Bxf5 exf5 11. O-O g6 12. Nc3 Bg7 13. b4 axb4 14. axb4 O-O 15. Qb3 Ne4 16. Ra3 b5 17. Rfa1 Rxa3 18. Qxa3 Ndf6 19. Qa7 Qxa7 20. Rxa7 Nxc3 21. Bxc3 Ne4 22. Be1 Rc8 23. Kf1 Kf8 24. Ng1 Ng5 25. Ke2 Ne6 26. Kd3 Rc7 27. Ra8+ Ke7 28. Ne2 Kd7 29. f3 Rc8 30. Ra5 Kc7 31. Ra7+ Kd8 32. Rxf7 Ra8 33. Nf4 Ke8 34. Rb7 Nxf4+ 35. exf4 Bf6 36. Rc7 Ra6 37. g4 Be7 38. Rc8+ Kf7 39. h4 Ra3+ 40. Ke2 Ra2+ 41. Bd2 Ra6 42. h5 gxh5 43. gxh5 1/2-1/2

[Event "10th Uppsala Young Champions 2023"]
[Site "Uppsala"]
[Date "2023.10.28"]
[Round "2.1"]
[White "Domalchuk-Jonasson, Aleksandr"]
[Black "Falkevall, Axel"]
[Result "1/2-1/2"]
[ECO "D00"]
[WhiteElo "2392"]
[BlackElo "2280"]
[Annotator "ChessBase"]
[PlyCount "227"]
[EventDate "2023.10.27"]
[EventType "swiss"]
[EventCountry "SWE"]
[SourceTitle "playchess.com"]
[Source "ChessBase"]
[SourceQuality "1"]
[TimeControl "5400+30"]

1. Nf3 Nf6 2. d4 g6 3. Nc3 d5 4. Bf4 Bg7 5. Nb5 Na6 6. e3 O-O 7. h3 c6 8. Nc3 Nc7 9. Bd3 Nce8 10. O-O Nd6 11. a4 a5 12. Re1 Re8 13. Be5 Nfe4 14. Bxe4 dxe4 15. Nd2 f5 16. Bxg7 Kxg7 17. f3 exf3 18. Nxf3 b5 19. axb5 cxb5 20. d5 Qb6 21. Ne5 e6 22. Qd4 Qxd4 23. exd4 Bb7 24. dxe6 Rxe6 25. Nd7 Rxe1+ 26. Rxe1 Ne4 27. Nxe4 Bxe4 28. c3 b4 29. Ra1 bxc3 30. bxc3 Ra7 31. Nc5 Bd5 32. Kf2 f4 33. Ra4 Bc6 34. Ra3 Bd5 35. h4 Kf6 36. Ra4 Bc6 37. Ra3 Bd5 38. g3 fxg3+ 39. Kxg3 g5 40. Ra4 gxh4+ 41. Kxh4 Bc6 42. Ra1 Bd5 43. Kg4 Kg6 44. Kf4 Kf6 45. Ra4 Bc6 46. Ra3 Bd5 47. Ne4+ Ke6 48. Nd2 Rc7 49. Ke3 h5 50. Kd3 h4 51. c4 Bg2 52. Rxa5 Rh7 53. Ne4 Rh8 54. Re5+ Kf7 55. Rf5+ Ke6 56. Re5+ Kf7 57. Rf5+ Ke6 58. Rf2 h3 59. d5+ Ke5 60. Ng5 Bxd5 61. cxd5 h2 62. Nf3+ Kxd5 63. Nxh2 Rh3+ 64. Nf3 Rh8 65. Ra2 Rb8 66. Ra5+ Kd6 67. Nd4 Rb1 68. Nf5+ Ke6 69. Ke4 Re1+ 70. Ne3 Re2 71. Ra6+ Kd7 72. Kd4 Rd2+ 73. Kc5 Rh2 74. Rd6+ Ke7 75. Nf5+ Kf7 76. Kd5 Re2 77. Ra6 Re1 78. Nd6+ Kg7 79. Ne4 Rb1 80. Ke6 Kg6 81. Ra2 Rg1 82. Rf2 Kg7 83. Rf4 Kg6 84. Rf3 Kg7 85. Kf5 Kf7 86. Rb3 Rf1+ 87. Ke5 Rg1 88. Ng3 Re1+ 89. Kf5 Ke7 90. Ne4 Rf1+ 91. Ke5 Rd1 92. Rb7+ Rd7 93. Rb6 Rd1 94. Re6+ Kd7 95. Nf6+ Kc7 96. Nd5+ Kb7 97. Kd6 Rc1 98. Re3 Rb1 99. Rh3 Rb2 100. Ne3 Rb6+ 101. Kd7 Rb3 102. Kd6 Rb6+ 103. Kd5 Rb5+ 104. Kc4 Rb1 105. Kc5 Rc1+ 106. Nc4 Rc2 107. Rh7+ Ka6 108. Rc7 Rc1 109. Re7 Rc2 110. Kd5 Rc1 111. Rc7 Rd1+ 112. Kc6 Rc1 113. Kc5 Rc2 114. Kd5 1/2-1/2

[Event "10th Uppsala Young Champions 2023"]
[Site "Uppsala"]
[Date "2023.10.28"]
[Round "2.2"]
[White "Ljung, Harald"]
[Black "Gavrilescu, David"]
[Result "0-1"]
[ECO "D02"]
[WhiteElo "2159"]
[BlackElo "2534"]
[Annotator "RC"]
[PlyCount "98"]
[EventDate "2023.10.27"]
[EventType "swiss"]
[EventCountry "SWE"]
[SourceTitle "playchess.com"]
[Source "ChessBase"]
[SourceQuality "1"]
[TimeControl "5400+30"]

1. d4 d5 2. Nf3 Nf6 3. g3 c5 4. Bg2 cxd4 5. O-O h6 6. b3 h5 7. Bb2 h4 8. Bxd4 hxg3 9. hxg3 Nc6 10. Nc3 e6 11. Qd3 Bd6 12. Bxf6 Qxf6 13. Nb5 Bb8 14. Rfd1 a6 15. Nbd4 Ne7 16. e4 dxe4 17. Qxe4 O-O 18. Re1 Ng6 19. Rad1 Bc7 20. Nh4 Nxh4 21. Qxh4 Qxh4 22. gxh4 Rd8 23. Ne2 Rb8 24. c4 Bd7 25. Rd3 Be8 26. Red1 Rxd3 27. Rxd3 Kf8 28. Nc3 b6 29. Bf3 Be5 30. Ne2 Ke7 31. Kg2 b5 32. cxb5 axb5 33. b4 Rc8 34. Ra3 Rc7 35. Ra5 f6 36. a3 Bd7 37. h5 Be8 38. Ra6 f5 39. Ng3 Bd4 40. Ne2 Ra7 41. Rxa7+ Bxa7 42. Nf4 Bd4 43. Nd3 e5 44. Be2 Bc3 45. Nc5 Bb2 46. a4 bxa4 47. b5 a3 48. b6 Bc6+ 49. Bf3 e4 0-1

[Event "10th Uppsala Young Champions 2023"]
[Site "Uppsala"]
[Date "2023.10.28"]
[Round "2.3"]
[White "Omarsson, Adam"]
[Black "Morell, Ludvig"]
[Result "1/2-1/2"]
[ECO "E54"]
[WhiteElo "1946"]
[BlackElo "2017"]
[Annotator "NA RC"]
[PlyCount "95"]
[EventDate "2023.10.27"]
[EventType "swiss"]
[EventCountry "SWE"]
[SourceTitle "playchess.com"]
[Source "ChessBase"]
[SourceQuality "1"]
[TimeControl "5400+30"]

1. d4 Nf6 2. c4 e6 3. Nc3 Bb4 4. e3 c5 5. Nf3 O-O 6. Bd3 cxd4 7. exd4 d5 8. O-O dxc4 9. Bxc4 b6 10. Bg5 Bb7 11. Bd3 h6 12. Bh4 Be7 13. Re1 Nbd7 14. Rc1 Nd5 15. Bxe7 Qxe7 16. Nxd5 Bxd5 17. Bc4 Nf6 18. Bxd5 Nxd5 19. a3 Rac8 20. Qd2 Qf6 21. Rc2 Qf4 22. Rec1 Rxc2 23. Qxf4 Nxf4 24. Rxc2 Rd8 25. g3 Nd5 26. Kf1 f6 27. Ke2 Rd7 28. Nd2 Ne7 29. Nf3 Nf5 30. Rc6 Kf7 31. Rc4 Ke7 32. a4 Nd6 33. Rc6 b5 34. axb5 Nxb5 35. Ke3 Rb7 36. Nd2 Kd7 37. Rc2 Nd6 38. g4 Rb4 39. b3 h5 40. h3 hxg4 41. hxg4 Rb5 42. Rc5 Rb6 43. f4 g6 44. Rc3 Nb5 45. Rc4 Nc7 46. Rc1 Nd5+ 47. Kf3 Rb4 48. Ke4 1/2-1/2

[Event "10th Uppsala Young Champions 2023"]
[Site "Uppsala"]
[Date "2023.10.28"]
[Round "2.4"]
[White "Stefansson, Vignir Vatnar"]
[Black "Sorensen, Hampus"]
[Result "1/2-1/2"]
[ECO "E01"]
[WhiteElo "2484"]
[BlackElo "2470"]
[Annotator "RC"]
[PlyCount "84"]
[EventDate "2023.10.27"]
[EventType "swiss"]
[EventCountry "SWE"]
[SourceTitle "playchess.com"]
[Source "ChessBase"]
[SourceQuality "1"]
[TimeControl "5400+30"]

1. d4 Nf6 2. c4 e6 3. g3 d5 4. Bg2 Bb4+ 5. Nd2 O-O 6. Ngf3 b6 7. O-O a5 8. Ne5 Bb7 9. a3 Be7 10. b3 Ra7 11. Bb2 dxc4 12. Ndxc4 Bxg2 13. Kxg2 b5 14. Nd2 c5 15. Ndf3 Qd5 16. dxc5 Bxc5 17. Rc1 Rc7 18. Qxd5 Nxd5 19. e4 Nf6 20. Nd3 Nbd7 21. Bxf6 gxf6 22. Nd4 Rb8 23. Nxc5 Rxc5 24. Nc6 Ra8 25. Rfd1 Kf8 26. Nd4 b4 27. Ra1 Nb6 28. axb4 axb4 29. Rxa8+ Nxa8 30. Ra1 Nb6 31. Ra6 Nd7 32. Ra4 Rc1 33. Rxb4 Nc5 34. f3 Rb1 35. Rb8+ Kg7 36. b4 Nd3 37. b5 Rb2+ 38. Kh3 f5 39. exf5 Nf2+ 40. Kg2 Ng4+ 41. Kg1 Rb1+ 42. Kg2 Rb2+ 1/2-1/2

[Event "10th Uppsala Young Champions 2023"]
[Site "Uppsala"]
[Date "2023.10.28"]
[Round "2.5"]
[White "Briem, Stephan"]
[Black "Grahn, Vidar"]
[Result "1/2-1/2"]
[ECO "D91"]
[WhiteElo "2144"]
[BlackElo "2133"]
[Annotator "NA RC"]
[PlyCount "48"]
[EventDate "2023.10.27"]
[EventType "swiss"]
[EventCountry "SWE"]
[SourceTitle "playchess.com"]
[Source "ChessBase"]
[SourceQuality "1"]
[TimeControl "5400+30"]

1. d4 Nf6 2. c4 g6 3. Nc3 d5 4. Nf3 Bg7 5. Bg5 Ne4 6. Bf4 Nxc3 7. bxc3 dxc4 8. e3 b5 9. Qb1 c6 10. a4 Bf5 11. e4 Bd7 12. Bxc4 bxc4 13. Qb7 Na6 14. Qxa6 c5 15. Qxc4 cxd4 16. cxd4 Rc8 17. Qa2 O-O 18. O-O Be6 19. d5 Bg4 20. Ne5 Qd6 21. Nd3 Qa6 22. Ne5 Qd6 23. Nd3 Qa6 24. Ne5 Qd6 1/2-1/2

[Event "10th Uppsala Young Champions 2023"]
[Site "Uppsala"]
[Date "2023.10.28"]
[Round "2.6"]
[White "Frank, Anton"]
[Black "Morell, Oscar"]
[Result "0-1"]
[ECO "B90"]
[WhiteElo "1997"]
[BlackElo "1942"]
[Annotator "NA RC"]
[PlyCount "84"]
[EventDate "2023.10.27"]
[EventType "swiss"]
[EventCountry "SWE"]
[SourceTitle "playchess.com"]
[Source "ChessBase"]
[SourceQuality "1"]
[TimeControl "5400+30"]

1. e4 c5 2. Nf3 d6 3. d4 cxd4 4. Nxd4 Nf6 5. Nc3 a6 6. h3 h5 7. Be3 e5 8. Nf3 b5 9. a4 b4 10. Nd5 Nbd7 11. Ng5 Be7 12. Bc4 O-O 13. Qf3 Bb7 14. Qf5 Rc8 15. Bb6 Qe8 16. Nc7 Rxc7 17. Bxc7 Kh8 18. O-O-O g6 19. Qf3 Qc8 20. Bxf7 Qxc7 21. Ne6 Bxe4 22. Qb3 Nc5 23. Nxc5 Qxc5 24. Rd2 d5 25. Be6 Qc6 26. f3 Qxe6 27. fxe4 Nxe4 28. Rxd5 Bg5+ 29. Kb1 Nd2+ 30. Rxd2 Qxb3 31. cxb3 Bxd2 32. Rd1 Rf2 33. Kc2 Bg5+ 34. Kb1 e4 35. g4 e3 36. Re1 hxg4 37. hxg4 Rd2 38. a5 e2 39. Rh1+ Kg7 40. Ka2 Bf6 41. g5 Bxg5 42. Rh2 Bf6 0-1

[Event "10th Uppsala Young Champions 2023"]
[Site "Uppsala"]
[Date "2023.10.28"]
[Round "2.7"]
[White "Tripathi, Pratyush"]
[Black "Valcu, Lavinia"]
[Result "1/2-1/2"]
[ECO "A01"]
[WhiteElo "1801"]
[BlackElo "1990"]
[Annotator "NA RC"]
[PlyCount "77"]
[EventDate "2023.10.27"]
[EventType "swiss"]
[EventCountry "SWE"]
[SourceTitle "playchess.com"]
[Source "ChessBase"]
[SourceQuality "1"]
[TimeControl "5400+30"]

1. b3 e5 2. Bb2 d6 3. e3 Nc6 4. c4 f5 5. d4 e4 6. Nh3 Nf6 7. Nf4 Be7 8. a3 O-O 9. b4 g5 10. Ne2 f4 11. exf4 Ng4 12. Bc1 gxf4 13. Bxf4 Bg5 14. g3 Bxf4 15. Nxf4 Rxf4 16. gxf4 Qh4 17. Ra2 e3 18. Qf3 exf2+ 19. Kd1 Bf5 20. h3 Nf6 21. Nc3 Re8 22. Qxf2 Bg4+ 23. hxg4 Qxh1 24. Rd2 Nxg4 25. Qg2 Qxf1+ 26. Qxf1 Ne3+ 27. Ke2 Nxf1+ 28. Kxf1 Re3 29. Nb5 a6 30. Nxc7 Rxa3 31. Ne8 Rf3+ 32. Ke2 Rxf4 33. Ke3 Rh4 34. Nxd6 b6 35. Rg2+ Kf8 36. Rf2+ Kg8 37. Rg2+ Kf8 38. Rf2+ Kg8 39. Rg2+ 1/2-1/2

[Event "10th Uppsala Young Champions 2023"]
[Site "Uppsala"]
[Date "2023.10.28"]
[Round "2.8"]
[White "Nilsson, Oliver"]
[Black "Steiners, Emils"]
[Result "1/2-1/2"]
[ECO "C00"]
[WhiteElo "1933"]
[BlackElo "1914"]
[Annotator "NA RC"]
[PlyCount "181"]
[EventDate "2023.10.27"]
[EventType "swiss"]
[EventCountry "SWE"]
[SourceTitle "playchess.com"]
[Source "ChessBase"]
[SourceQuality "1"]
[TimeControl "5400+30"]

1. e4 e6 2. d3 d5 3. Nd2 Be7 4. Ngf3 Nf6 5. g3 O-O 6. Bg2 c5 7. O-O Nc6 8. Re1 Qc7 9. Nf1 dxe4 10. dxe4 Rd8 11. Qe2 e5 12. c3 b6 13. Bg5 a5 14. Bxf6 Bxf6 15. Rad1 Ba6 16. Qc2 Bxf1 17. Bxf1 Ne7 18. a4 g6 19. Bc4 Nc8 20. Rxd8+ Qxd8 21. Rd1 Nd6 22. Nd2 Qd7 23. Nf1 Rd8 24. Ne3 Bg7 25. Qb3 Qb7 26. f3 Kh8 27. Nd5 Nxc4 28. Qxc4 Qc6 29. Ra1 f5 30. Qb5 Qxb5 31. axb5 Rb8 32. b3 Bf8 33. c4 Bg7 34. Kf2 Rb7 35. Ke2 Kg8 36. Rd1 fxe4 37. fxe4 Kf7 38. Rf1+ Ke6 39. g4 h6 40. h4 Rb8 41. Nc7+ Ke7 42. Rd1 Rb7 43. Nd5+ Ke6 44. Ne3 Rb8 45. h5 g5 46. Nf5 Bf8 47. Rd5 Ra8 48. Kd3 Rb8 49. Kc3 Ra8 50. Kb2 Rb8 51. Ka3 Ra8 52. Ka4 Rb8 53. Rd1 Ra8 54. Ne3 Rb8 55. Nd5 Rb7 56. Rf1 Bg7 57. Rf5 Rb8 58. Rf2 Rb7 59. Rf1 Rb8 60. Ka3 Rb7 61. Kb2 Rb8 62. Ra1 Bf8 63. Rf1 Bg7 64. b4 cxb4 65. Kb3 Rb7 66. Ka4 Kd6 67. Ne3 Ke6 68. Rd1 Rb8 69. Rd5 Bf8 70. Nf1 Rc8 71. Nd2 Bd6 72. Kb3 Ra8 73. Ka4 Rc8 74. Rd3 Rf8 75. Rf3 Rxf3 76. Nxf3 Bc5 77. Nd2 Be3 78. Nf3 Kd6 79. Kb3 Bf4 80. Ne1 Be3 81. Nd3 Bc5 82. Nc1 Be3 83. Nd3 Bc5 84. Ka4 Be3 85. Kb3 Bc5 86. Nb2 Bd4 87. Na4 Bc5 88. Kc2 Bd4 89. Kb3 Bc5 90. Nb2 Bd4 91. Nd3 1/2-1/2